 Dungeon Crawl Stone Soup version 0.17-a0-1636-g3119f2b (webtiles) character file.

11 MikeDS the Charmwright (level 2, 0/25 HPs)
             Began as a Draconian Skald on Aug 5, 2015.
             Slain by a jackal (1 damage)
             ... on level 1 of the Dungeon.
             The game lasted 00:04:41 (237 turns).

MikeDS the Charmwright (Draconian Skald)             Turns: 237, Time: 00:04:41

Health: 0/25       AC:  4    Str: 14    XL:     2   Next: 13%
Magic:  2/5        EV: 12    Int: 12    God:
Gold:   10         SH:  0    Dex: 10    Spells: 1 memorised, 4 levels left

rFire  . . .     SeeInvis .     a - +0 mace
rCold  . . .     Clarity  .     (armour unavailable)
rNeg   . . .     SustAt   .     (no shield)
rPois  .         Gourm    .     (helmet restricted)
rElec  .         Spirit   .     (no cloak)
rCorr  .         Warding  .     (no gloves)
rMut   .         Stasis   .     (no boots)
MR     .....                    (no amulet)
Stlth  +.........               (no ring)
                                (no ring)

@: very slightly contaminated, not resistant to hostile enchantments, very
unstealthy
A: unfitting armour, cold-blooded, AC +4
a: no special abilities


You were on level 1 of the Dungeon.
You were not hungry.

You visited 1 branch of the dungeon, and saw 1 of its levels.

You collected 10 gold pieces.

Inventory:

Hand weapons
 a - a +0 mace (weapon)
 l - a +0 hunting sling
Missiles
 h - 20 stones (quivered)
Jewellery
 d - a cursed amulet of inaccuracy {unknown}
Scrolls
 g - a scroll of teleportation {unknown}
 j - a scroll of identify {unknown}
 k - a scroll of remove curse {unknown}
Potions
 e - a potion of lignification {unknown}
 i - a potion of haste {unknown}
Books
 b - a book of Battle

   Spells                             Type                      Level
   a - Infusion                       Charms                       1
   b - Shroud of Golubria             Charms/Translocation         2
   c - Song of Slaying                Charms                       2
   d - Spectral Weapon                Hexes/Charms                 3
   e - Regeneration                   Charms/Necromancy            3
Comestibles
 c - a bread ration
 f - 5 chunks of flesh


   Skills:
 + Level 2.3 Fighting
 + Level 2.1 Maces & Flails
 + Level 0.0(0.2) Slings
 + Level 0.5 Throwing
 + Level 1.6 Dodging
 + Level 2.0 Spellcasting
 + Level 2.8 Charms


You had 4 spell levels left.
You knew the following spells:

 Your Spells              Type           Power        Failure   Level  Hunger
a - Infusion              Chrm           #.....       12%         1    ##.....


Dungeon Overview and Level Annotations

Branches:
Dungeon (1/15)

Altars:


Innate Abilities, Weirdness & Mutations

Your plain brown scales are hard (AC +4).
Your body does not fit into most forms of armour.
You are cold-blooded and may be slowed by cold attacks.


Message History

Throwing (i - inventory):
h - 23 stones (quivered)
Press: ? - help, Shift-Dir - straight line, f/p - jackal
Aim: a jackal You throw a stone.
The stone hits the jackal but does no damage.
The jackal misses you.
Throwing (i - inventory):
h - 22 stones (quivered)
Press: ? - help, Shift-Dir - straight line, f/p - jackal
Aim: a jackal You throw a stone.
The stone closely misses the jackal.
You are no longer magically infusing your attacks.
The jackal bites you.
* * * LOW HITPOINT WARNING * * *
The jackal barely misses you.
Throwing (i - inventory):
h - 21 stones (quivered)
Press: ? - help, Shift-Dir - straight line, f/p - jackal
Aim: a jackal You throw a stone.
The stone completely misses the jackal.
The jackal bites you.
You die...

.......÷......#
..............#
.#......####..#
.........###..####
######..#..........####.
##≈##≈##...####..........
#≈P≈≈P≈##................
≈P8PP8P≈##...............
#.P.(P≈###.#####@.######.
....<≈≈....#####(h# ##
#.P..♣≈##.........## ...
≈P8P♣8♣≈##.........#
##+##.#
#≈P≈≈♣≈###.........##
#.....# ##≈## ##
#..........# #.....# ##
##########'###.....#
#...).......#
#...........#


You could see a jackal.

Vanquished Creatures
  A goblin (D:1)
  2 jackals (D:1)
  3 kobolds (D:1)
  3 bats (D:1)
9 creatures vanquished.

Vanquished Creatures (others)
  4 toadstools (D:1)
4 creatures vanquished.

Grand Total: 13 creatures vanquished

Notes
Turn   | Place    | Note
--------------------------------------------------------------
     0 | D:1      | MikeDS the Draconian Skald began the quest for the Orb.
     0 | D:1      | Reached XP level 1. HP: 17/17 MP: 3/3
   188 | D:1      | Reached XP level 2. HP: 24/24 MP: 1/5
   236 | D:1      | HP: 1/25 [jackal (2)]
   237 | D:1      | Slain by a jackal

Vault maps used:
D:1:      ldierk_walled_garden_2

Action                   || total
-------------------------++-------
Melee: Mace              ||    20
 Fire: Hunting sling     ||     6
Throw: Stone             ||    13
 Cast: Infusion          ||     3
